 Dungeon Crawl Stone Soup version 0.17.0-28-g6e173f8 (webtiles) character file.

30 coffecat the Ogre Mage (level 3, 0/32 HPs)
             Began as an Ogre Fire Elementalist on Dec 1, 2015.
             Succumbed to an adder's poison
             ... on level 1 of the Dungeon.
             The game lasted 00:12:13 (1843 turns).

coffecat the Ogre Mage (Ogre Fire Elementalist)     Turns: 1843, Time: 00:12:13

Health: 0/32       AC:  4    Str: 18    XL:     3   Next: 20%
Magic:  7/7        EV: 10    Int: 14    God:
Gold:   63         SH:  0    Dex: 11    Spells: 2 memorised, 4 levels left

rFire  . . .     SeeInvis .     p - +0 spear
rCold  . . .     Clarity  .     a - +0 robe
rNeg   . . .     SustAt   .     (no shield)
rPois  .         Gourm    .     (helmet restricted)
rElec  .         Spirit   .     j - +0 cloak
rCorr  .         Warding  .     (gloves unavailable)
rMut   .         Stasis   .     (boots unavailable)
MR     .....                    (no amulet)
Stlth  +.........               (no ring)
                                (no ring)

@: mighty, lethally poisoned (0 -> -4), flying, not resistant to hostile
enchantments, very unstealthy
A: unfitting armour, tough skin 1
a: no special abilities


You were on level 1 of the Dungeon.
You were not hungry.

You visited 1 branch of the dungeon, and saw 3 of its levels.

You collected 63 gold pieces.

Inventory:

Hand Weapons
 h - a +0 dagger
 p - a +0 spear (weapon)
Missiles
 d - 41 stones (quivered)
Armour
 a - a +0 robe (worn)
 j - a +0 cloak (worn)
Jewellery
 g - an uncursed ring of flight {unknown}
 m - an uncursed ring of poison resistance {unknown}
Potions
 e - a potion of mutation {unknown}
 i - 2 potions of invisibility {unknown}
 k - a potion of heal wounds {unknown}
 o - a potion of might
Books
 b - a book of Flames

   Spells                             Type                      Level
   a - Flame Tongue                   Conjuration/Fire             1
   b - Throw Flame                    Conjuration/Fire             2
   c - Conjure Flame                  Conjuration/Fire             3
   d - Inner Flame                    Hexes/Fire                   3
   e - Sticky Flame                   Conjuration/Fire             4
   f - Fireball                       Conjuration/Fire             5
Comestibles
 c - 3 bread rations
 n - a meat ration


   Skills:
 * Level 0.6 Fighting
 + Level 2.2 Dodging
 + Level 1.6 Stealth
 + Level 2.8 Spellcasting
 + Level 1.0 Conjurations
 + Level 2.4 Fire Magic


You had 4 spell levels left.
You knew the following spells:

 Your Spells              Type           Power        Failure   Level  Hunger
a - Flame Tongue          Conj/Fire      #....        14%         1    #......
b - Throw Flame           Conj/Fire      #.....       21%         2    ###....


Dungeon Overview and Level Annotations

Branches:
Dungeon (3/15)

Altars:
Gozag


Innate Abilities, Weirdness & Mutations

You are too large for most types of armour.
You have tough skin (AC +1).


Message History

Drink which item? (? for menu, Esc to quit)
It was a potion of might.
You feel very mighty all of a sudden. The adder closely misses you.
You closely miss the adder.
* * * LOW HITPOINT WARNING * * *
You feel sick. The adder bites you.
* * * LOW HITPOINT WARNING * * *
The adder bites you but does no damage.
You closely miss the adder. The adder barely misses you.
You closely miss the adder.
* * * LOW HITPOINT WARNING * * *
You feel sick. The adder bites you but does no damage. The adder bites you.
* * * LOW HITPOINT WARNING * * *
You puncture the adder!
The adder is heavily wounded.
The adder barely misses you.
You closely miss the adder.
The adder is heavily wounded.
You die...

#.#
########.#############
#.....##.#...........#
......##.#...........#
......##.#...........###
......##.#(..........+.#
#.#.).##.............#.#
................@S.>.#.#
..#................#...#
####################.###
#.##### ####+####
###.....# ###≈≈§§≈≈≈###
.#####.# #≈§≈..§..≈§≈#
.# #.# #...........# #.
#.# ######'######
#.###.#


You could see an adder.

Vanquished Creatures
  2 giant geckos
  6 hobgoblins
  4 jackals (D:1)
  3 kobolds
  A ball python (D:2)
  A giant cockroach (D:1)
  2 giant newts (D:2)
  5 goblins
  4 rats (D:1)
28 creatures vanquished.

Notes
Turn   | Place    | Note
--------------------------------------------------------------
     0 | D:1      | coffecat the Ogre Fire Elementalist began the quest for the Orb.
     0 | D:1      | Reached XP level 1. HP: 16/16 MP: 3/3
   327 | D:1      | Reached XP level 2. HP: 24/24 MP: 1/5
  1029 | D:2      | Reached XP level 3. HP: 29/31 MP: 4/7
  1054 | D:2      | Reached skill level 1 in Conjurations
  1178 | D:2      | Learned a level 2 spell: Throw Flame
  1735 | D:3      | Found an opulent altar of Gozag.
  1841 | D:1      | HP: 1/32 [adder (1)]
  1843 | D:1      | Succumbed to an adder's poison

Action                   || total
-------------------------++-------
Melee: Unarmed           ||     7
       Dagger            ||    60
       Spear             ||    61
Throw: Stone             ||    30
 Cast: Flame Tongue      ||    43
       Throw Flame       ||     9
  Use: Potion            ||     2
  Eat: Chunk             ||     3
       Pizza             ||     1
